AoeStats
← Gir The Reaper

Oasis

510236686Analyzed
4v4 RM · 15h ago on Sep 30, 2026· 43m 43s· 8 players
Game mode
Random Map
Map size
Large (8 player)
Population
200
Speed
Normal
Resources
Standard
Victory
Conquest
Starting age
Dark Age
Ending age
Imperial Age
RankedLock teamsTeams togetherTeam positionsShared explorationLock speedFull tech treeHidden civsTurbo modeCheats
Victory
Defeat
🇺🇸 Mongols · United States
1117
+13
🇧🇷 Magyars · Brazil
1107
+14
🇵🇪 Mongols · Peru
1009
+18
🇺🇸 Britons · United States
989
+18
🇺🇸 Sicilians · United States
1157
-21
🇨🇳 Varangians · China
1041
-32
🇺🇸 Byzantines · United States
1000
-43
🇺🇸 Slavs · United States
994
-13
Frito
9:42 Loom
11:55 Feudal Age
22:04 Man-at-Arms
24:27 Double-Bit Axe
24:23 Horse Collar
28:36 Forging
28:27 Scale Mail Armor
Haboon
6:43 Loom
11:44 Feudal Age
12:14 Double-Bit Axe
21:36 Castle Age
23:05 Fletching
23:27 Forging
25:12 Pikeman
26:53 Fletching
30:11 Bodkin Arrow
35:20 Padded Archer Armor
34:43 Elite Skirmisher
36:05 Ballistics
萌神18629095608
11:52 Feudal Age
11:34 Loom
Gir The Reaper
12:45 Feudal Age
14:08 Loom
21:49 Castle Age
26:22 Pikeman
28:12 Squires
30:02 Double-Bit Axe
30:15 Horse Collar
33:44 Heavy Plow
shabolobodingdong
8:23 Loom
11:20 Feudal Age
19:01 Castle Age
19:17 Stone Mining
19:20 Gold Mining
19:19 Double-Bit Axe
19:52 Horse Collar
20:26 Bow Saw
20:16 Fletching
23:23 Gold Shaft Mining
23:30 Wheelbarrow
23:09 Heavy Plow
24:53 Bodkin Arrow
24:59 Padded Archer Armor
28:26 Ballistics
32:35 Imperial Age
35:22 Warwolf
36:07 Elite Longbowman
38:41 Conscription
40:01 Spies/Treason
ask
6:26 Loom
9:10 Feudal Age
10:48 Double-Bit Axe
24:14 Castle Age
24:24 Fletching
24:35 Padded Archer Armor
25:38 Stone Mining
25:41 Gold Mining
27:09 Bodkin Arrow
29:44 Forging
29:51 Leather Archer Armor
31:16 Ballistics
31:07 Thumb Ring
38:32 Imperial Age
39:33 Spies/Treason
jochizan
7:35 Loom
9:36 Feudal Age
10:29 Double-Bit Axe
11:27 Horse Collar
21:22 Castle Age
20:15 Gold Mining
21:30 Forging
21:31 Bloodlines
23:04 Wheelbarrow
22:43 Husbandry
22:07 Light Cavalry
25:47 Bow Saw
27:59 Husbandry
30:11 Gold Shaft Mining
29:28 Stone Mining
32:01 Fletching
32:17 Scale Barding Armor
32:13 Padded Archer Armor
34:52 Imperial Age
32:11 Town Watch
33:15 Hand Cart
33:16 Bodkin Arrow
34:29 Nomads
34:57 Ballistics
34:47 Masonry
34:34 Murder Holes
35:13 Squires
37:29 Chemistry
38:40 Town Patrol
39:27 Siege Engineers
39:25 Spies/Treason
39:57 Capped Ram
40:41 Elite Mangudai
41:43 Conscription
42:50 Bracer
Faizcafria
1:14 Loom
10:45 Feudal Age
11:34 Horse Collar
11:42 Double-Bit Axe
20:37 Bloodlines
20:44 Scale Barding Armor
23:51 Castle Age
21:47 Gold Mining
22:49 Fletching
23:00 Padded Archer Armor
24:59 Heavy Plow
25:30 Light Cavalry
26:12 Husbandry
27:46 Chain Barding Armor
29:03 Bow Saw
29:32 Gold Shaft Mining
34:21 Wheelbarrow
34:52 Fervor
35:00 Stone Mining
35:31 Hand Cart
39:58 Imperial Age
40:07 Imperial Age
37:24 Town Watch
37:39 Bodkin Arrow
38:00 Leather Archer Armor
40:49 Hussar
42:08 Plate Barding Armor
41:33 Bracer
42:04 Ring Archer Armor
42:49 Crop Rotation
43:23 Two-Man Saw
43:11 Treadmill Crane
43:42 Masonry
42:58 Spies/Treason
44:07 Recurve Bow
44:28 Conscription
44:44 Hoardings
43:59 Arson
Connection lost

Rejoining the realm…

Still unreachable

The connection could not be restored.

Session expired

The server has moved on; the page needs a fresh start.